 Dungeon Crawl Stone Soup version 0.13.0-25-g43d4df3 (webtiles) character file.

224 Mathinus the Chopper (level 4, 0/36 HPs)
             Began as a Hill Orc Skald on Oct 27, 2013.
             Succumbed to a giant mite's poison
             ... on Level 3 of the Dungeon.
             The game lasted 00:13:14 (2452 turns).

Mathinus the Chopper (Hill Orc Skald)               Turns: 2452, Time: 00:13:17

HP   0/36        AC  3     Str 15      XL: 4   Next: 95%
MP  16/16        EV 11     Int 12      God:
Gold 112         SH  0     Dex 10      Spells:  2 memorised,  3 levels left

Res.Fire  : . . .   See Invis. : .   a - +0 orc hand axe (curse) {=f}
Res.Cold  : . . .   Warding    : .   b - +0 orc leather armour
Life Prot.: . . .   Conserve   : .   (no shield)
Res.Poison: .       Res.Corr.  : .   (no helmet)
Res.Elec. : .       Clarity    : .   (no cloak)
Sust.Abil.: . .     Spirit.Shd : .   (no gloves)
Res.Mut.  : .       Stasis     : .   (no boots)
Res.Rott. : .       Flight     : .   (no amulet)
Saprovore : + . .                    (no ring)
                                     l - ring of magical power

@: exhausted, mildly poisoned, slowed, very slow, slightly resistant to hostile
enchantments, very unstealthy
A: saprovore 1
a: no special abilities


You were on level 3 of the Dungeon.
You were hungry.

You visited 1 branch of the dungeon, and saw 3 of its levels.

You collected 92 gold pieces.

Inventory:

Hand weapons
 a - a cursed +0,+0 orcish hand axe (weapon) {=f}
 p - a +2,+0 dagger of venom (quivered)
Armour
 b - a +0 orcish leather armour (worn)
Magical devices
 h - a wand of digging (6) {unknown}
Comestibles
 d - a meat ration
 f - a bread ration
 m - a rotting chunk of giant newt flesh
 n - a chunk of bat flesh
 o - an apricot
Scrolls
 e - 3 scrolls of remove curse {unknown}
Jewellery
 l - a ring of magical power (left hand)
Books
 c - a book of Battle

   Spells                             Type                      Level
   *Infusion                          Charms                       1
   *Shroud of Golubria                Charms/Translocation         2
   Song of Slaying                    Charms                       2
   Spectral Weapon                    Hexes/Charms                 3
   Regeneration                       Charms/Necromancy            3
   Song of Shielding                  Charms                       4


   Skills:
 + Level 2.8 Fighting
 + Level 3.8 Axes
 + Level 2.1 Armour
 + Level 1.8 Dodging
 + Level 0.5 Stealth
 + Level 1.8 Spellcasting
 + Level 3.2 Charms


You had 3 spell levels left.
You knew the following spells:

 Your Spells              Type           Power        Failure   Level  Hunger
a - Infusion              Chrm           #.....       10%         1    ##.....
b - Shroud of Golubria    Chrm/Tloc      #.........   21%         2    ###....


Dungeon Overview and Level Annotations

Branches:
Dungeon (3/27)

Altars:
Fedhas


Innate Abilities, Weirdness & Mutations

You can tolerate rotten meat.


Message History

* * * LOW HITPOINT WARNING * * *
You feel sick.
There is an open door here.
* * * LOW HITPOINT WARNING * * *
You feel sick.
Drink which item? (? for menu, Esc to quit)
A red film seems to cover your vision as you go berserk!
You feel yourself moving faster!
You feel mighty!
It was a potion of berserk rage.
You feel a strong urge to attack something.
* * * LOW HITPOINT WARNING * * *
You feel sick.
You feel a little better.
You start resting.
You feel your anger subside.
You are no longer berserk.
You are exhausted.
You feel yourself slow down.
You are feeling hungry.
You die...

# # # ### ### ######.. ..#
#...##.. ..# #...##.. ..#
#...##.. ..# #############...###.
..############..@............##..
.............'...............''..
..############...............##..
### #...............##..
#.............####..
#.(...........# #..
#.............# #..
#########.....# #.. #.....# #..


There were no monsters in sight!

Vanquished Creatures
  2 adders (D:2)
  2 giant mites
  A worm (D:3)
  A giant gecko (D:1)
  An orc (D:3)
  3 ball pythons
  6 giant cockroaches
  9 hobgoblins (D:1)
  A jackal (D:1)
  6 kobolds
  2 quokkas (D:2)
  11 bats
  5 giant newts
  6 goblins
  10 rats (D:1)
66 creatures vanquished.

Notes
Turn   | Place    | Note
--------------------------------------------------------------
     0 | D:1      | Mathinus, the Hill Orc Skald, began the quest for the Orb.
     0 | D:1      | Reached XP level 1. HP: 16/16 MP: 3/3
    50 | D:1      | Reached skill level 3 in Charms
    63 | D:1      | Reached XP level 2. HP: 18/23 MP: 4/4
   274 | D:1      | Reached XP level 3. HP: 12/29 MP: 1/6
   673 | D:1      | Reached skill level 1 in Dodging
  1341 | D:2      | Reached XP level 4. HP: 36/36 MP: 2/7
  1350 | D:2      | Learned a level 2 spell: Shroud of Golubria
  1554 | D:2      | Found a blossoming altar of Fedhas.
  2448 | D:3      | HP: 1/36 [poisoned by a giant mite]
  2452 | D:3      | Succumbed to a giant mite's poison

Action                   |  1- 3 |  4- 6 || total
-------------------------+-------+-------++-------
Melee: Hand axe          |   130 |    95 ||   225
 Cast: Infusion          |     3 |     3 ||     6
       Shroud of Golubri |       |     1 ||     1
  Use: Scroll            |     3 |     1 ||     4
       Potion            |       |     3 ||     3
